 Dungeon Crawl Stone Soup version 0.29-a0-214-g17f627cfee (console) character file.

Game seed: 17134496878901008327

5705 jejorda2 the Quickloader (level 10, -4/83 HPs)
             Began as a Green Draconian Hunter on Feb 24, 2022.
             Was a Priest of Okawaru.
             Shot with a bolt by something (12 damage)
             ... on level 9 of the Dungeon.
             The game lasted 00:21:17 (9911 turns).

jejorda2 the Quickloader (Green Draconian Hunter)   Turns: 9911, Time: 00:21:17

Health: -4/83      AC:  4    Str: 14    XL:     10   Next: 48%
Magic:  13/14      EV: 18    Int: 11    God:    Okawaru [***...]
Gold:   0          SH:  0    Dex: 17    Spells: 9/9 levels left

rFire   + . .      SeeInvis .   a - +0 arbalest
rCold   + . .      Faith    .   (shield currently unavailable)
rNeg    . . .      Spirit   .   (body armour unavailable)
rPois   +          Reflect  .   (helmet restricted)
rElec   .          Harm     .   (no cloak)
rCorr   .          Rampage  .   (no gloves)
Will    .....                   A - +0 pair of boots
Stlth   ++++......              (no amulet)
HPRegen 0.23/turn               p - ring of protection from fire
MPRegen 0.14/turn               m - ring of protection from cold

@: short of breath, heroic, corroded
A: breathe noxious fumes, AC +7, unfitting armour, poison resistance,
cold-blooded
a: Breathe Noxious Fumes, Renounce Religion, Heroism


You were on level 9 of the Dungeon.
You worshipped Okawaru.
Okawaru was most pleased with you.
You visited 1 branch of the dungeon, and saw 9 of its levels.

Inventory:

Hand Weapons
 a - a +0 arbalest (weapon)
Armour
 A - a +0 pair of boots (worn)
Jewellery
 f - a ring of flight
 m - a ring of protection from cold (right hand)
 p - a ring of protection from fire (left hand)
 B - a +6 ring of dexterity
Wands
 k - a wand of flame (38)
 q - a wand of iceblast (13)
Scrolls
 s - 2 scrolls of enchant weapon
 u - 3 scrolls of teleportation
 w - a scroll of blinking {unknown}
 x - a scroll of fog
 y - a scroll of immolation {unknown}
Potions
 b - a potion of haste {unknown}
 d - a potion of magic {unknown}
 g - 4 potions of curing
 h - a potion of lignification {unknown}
 i - a potion of ambrosia {unknown}
 j - a potion of might
 l - 3 potions of flight
 n - a potion of resistance
 o - 2 potions of heal wounds
 r - a potion of brilliance
 z - a potion of invisibility
 C - a potion of berserk rage {unknown}


   Skills:
 - Level 6.0(11.0) Fighting
 * Level 11.1(16.1) Crossbows
 - Level 6.0(11.0) Dodging
 - Level 4.0(9.0) Stealth
 + Level 6.4 Invocations


You had 9 spell levels left.
You didn't know any spells.
Your spell library contained the following spells:

 Spells                   Type           Power      Damage    Failure   Level
 Magic Dart               Conj           0%         1d3       34%         1
 Corpse Rot               Necr/Air       0%         N/A       47%         2
 Poisonous Vapours        Pois/Air       0%         N/A       47%         2
 Static Discharge         Conj/Air       0%         N/A       47%         2
 Confusing Touch          Hex            0%         N/A       71%         3
 Dazzling Flash           Conj/Hex       0%         N/A       71%         3
 Mephitic Cloud           Conj/Pois/Air  0%         N/A       71%         3
 Iskenderun's Mystic Bla  Conj/Tloc      0%         2d3       98%         4
 Lightning Bolt           Conj/Air       0%         1d11      100%        5
 Yara's Violent Unravell  Hex/Tmut       0%         3d3       100%        5
 Conjure Ball Lightning   Conj/Air       0%         3x3d6     100%        6
 Starburst                Conj/Fire      0%         6d3       100%        6
 Enfeeble                 Hex            0%         N/A       100%        7
 Discord                  Hex            0%         N/A       100%        8
 Disjunction              Tloc           0%         N/A       100%        8
 Maxwell's Capacitive Co  Air            0%         ∞         100%        8
 Call Imp                 Summ           Unusable   N/A       N/A         2

Dungeon Overview and Level Annotations

Branches:
Dungeon (9/15)             Temple (0/1) D:7
   Lair: D:8-11         Orc: D:9-12

Altars:
Gozag
Okawaru
Uskayaw
Zin

Shops:
D:4 [(*   D:8 (

Annotations:
D:9 3 runed translucent doors, Amaemon; Maurice; jlumianski's ghost, journeyman DsFE


Innate Abilities, Weirdness & Mutations

You can breathe blasts of noxious fumes.
Your lurid green scales are hard. (AC +7)
You cannot fit into any form of body armour.
Your system is resistant to poisons. (rPois)
You are cold-blooded and may be slowed by cold attacks.


Message History

The wizard howls an incantation.
You feel disoriented.
Amaemon is engulfed in noxious fumes.
Amaemon appears confused.
Shoot: a) +0 arbalest
Press: ? - help, Q - select action, (/) - cycle Shift-Dir - straight line, f/p - Amaemon
Aim: Amaemon, wielding a +2 demon whip of venom (noxious fumes, lightly wounded, confused, 81% to hit)
You shoot a bolt. The bolt hits Amaemon!
Amaemon is moderately wounded.
Maurice zaps a wand.
The bolt of acid hits you!! The acid corrodes you!
Amaemon is engulfed in noxious fumes.
Amaemon appears confused.
Shoot: a) +0 arbalest
Press: ? - help, Q - select action, (/) - cycle Shift-Dir - straight line, f/p - Amaemon
Aim: Amaemon, wielding a +2 demon whip of venom (moderately wounded, confused, 81% to hit)
You shoot a bolt. The bolt hits Amaemon!!
Amaemon is heavily wounded.
Maurice shoots a bolt.
The bolt completely misses you.
The orange demon is engulfed in noxious fumes.
Amaemon hits you with a +2 demon whip of venom!!
Amaemon closely misses you. Amaemon barely misses you.
Shoot: a) +0 arbalest
Press: ? - help, Q - select action, (/) - cycle Shift-Dir - straight line, f/p - Amaemon
Aim: Amaemon, wielding a +2 demon whip of venom (heavily wounded, confused, 81% to hit)
You shoot a bolt. The bolt hits Amaemon!
Amaemon is heavily wounded.
Maurice shoots a bolt.
The bolt hits you.
Amaemon hits you with a +2 demon whip of venom!!
* * * LOW HITPOINT WARNING * * *
Amaemon misses you. Amaemon tail-slaps you.
* * * LOW HITPOINT WARNING * * *
Unknown command.
Maurice casts a spell.
Maurice flickers and vanishes!
Deactivating autopickup; reactivate with Ctrl-A.
A bolt appears from out of thin air!
The bolt hits you!
* * * LOW HITPOINT WARNING * * *
Amaemon asks, "Where am I?"
A bolt appears from out of thin air!
The bolt hits you.
* * * LOW HITPOINT WARNING * * *
A bolt appears from out of thin air!
The bolt hits you!
You die...

###..+..##[.# ....K+..#..#
#yR+.....# ###Op#....##
..oWO#..4.# ######...##
.......6.# #######
..{......## ####......
..##..##.@#######.........
#.......##..##............
....... ##.........<.....
........ ##..............
........ #..............
....... #..............
....... #..............
....... #..............
##.............


You could see Amaemon (confused), 2 two-headed ogres, an orange demon, a wizard,
an efreet, a kobold brigand and a killer bee.

Vanquished Creatures
  A two-headed ogre (D:8)
  Pikel (D:9)
  A merfolk (D:9)
  Prince Ribbit (D:5)
  2 water moccasins
  A sky beast (D:5)
  An orc warrior (D:8)
  A black bear (D:7)
  An ice beast (D:7)
  2 ogres
  4 necrophages
  4 centaurs
  A phantom (D:7)
  A kobold brigand (D:7)
  A lemure (D:9)
  A bullfrog (D:7)
  2 scorpions
  A wyvern skeleton (D:7)
  A water moccasin skeleton (D:5)
  20 killer bees
  9 wights
  4 howler monkeys
  2 electric eels (D:6)
  2 bullfrog zombies
  2 hounds
  3 jellies
  3 gnoll shamans
  2 bullfrog skeletons (D:5)
  A centaur skeleton (D:7)
  Ijyb (D:3)
  2 iguanas
  5 orc wizards (D:8)
  A killer bee zombie (D:8)
  A howler monkey zombie (D:5)
  A howler monkey skeleton (D:4)
  12 gnolls
  5 adders
  A shadow imp (D:7)
  2 worms
  A dart slug (D:3)
  22 orcs
  7 ball pythons
  5 endoplasms
  3 giant cockroaches (D:4)
  8 goblins
  13 hobgoblins
  5 jackals (D:2)
  9 kobolds
  4 quokkas
  10 bats
  5 frilled lizards
  5 rats
204 creatures vanquished.

Vanquished Creatures (collateral kills)
  A killer bee (D:8)
1 creature vanquished.

Vanquished Creatures (others)
  25 plants
25 creatures vanquished.

Grand Total: 230 creatures vanquished

Notes
Turn   | Place    | Note
-------+----------+-------------------------------------------
     0 | D:1      | jejorda2 the Draconian Hunter began the quest for the Orb.
     0 | D:1      | Reached XP level 1. HP: 17/17 MP: 1/1
   205 | D:1      | Reached XP level 2. HP: 25/25 MP: 2/2
   257 | D:1      | Reached skill level 4 in Crossbows
   353 | D:1      | Reached XP level 3. HP: 30/30 MP: 3/3
   365 | D:1      | Found a faded altar of an unknown god.
  1282 | D:2      | You are sucked into a shaft and drop 2 floors!
  1282 | D:4      | Noticed a necrophage
  1300 | D:4      | Killed a necrophage
  1301 | D:4      | Reached XP level 4. HP: 12/38 MP: 4/4
  1308 | D:4      | Reached XP level 5. HP: 3/45 MP: 5/5
  1594 | D:4      | Reached skill level 5 in Crossbows
  1747 | D:4      | Found Ludujul's Antique Armour Emporium.
  1985 | D:3      | Noticed Ijyb
  2001 | D:3      | Killed Ijyb
  2170 | D:3      | Noticed an ogre
  2178 | D:3      | Killed an ogre
  2179 | D:3      | Reached XP level 6. HP: 32/52 MP: 6/6
  3658 | D:4      | Found Ceamied's Weapon Boutique.
  3857 | D:4      | Found Beijiannas's CLEARANCE SALE!.
  3936 | D:5      | Entered Level 5 of the Dungeon
  4075 | D:5      | Reached skill level 6 in Crossbows
  4124 | D:5      | Noticed Prince Ribbit
  4135 | D:5      | Killed Prince Ribbit
  4136 | D:5      | Your scales start taking on a lurid green colour.
  4136 | D:5      | Reached XP level 7. HP: 30/60 MP: 7/7
  4136 | D:5      | Gained mutation: Your system is resistant to poisons.
                  | (rPois) [Green Draconian growth]
  4304 | D:5      | Reached skill level 5 in Fighting
  4636 | D:5      | Reached skill level 7 in Crossbows
  4692 | D:5      | Reached XP level 8. HP: 16/69 MP: 8/8
  5053 | D:5      | Identified the +5 spear "Beastslayer" {drain, rF+ Dex+4}
  5612 | D:6      | Reached skill level 5 in Dodging
  5798 | D:6      | Found an iron altar of Okawaru.
  5811 | D:6      | Became a worshipper of Warmaster Okawaru
  5884 | D:6      | Reached skill level 8 in Crossbows
  5995 | D:6      | Found a glowing silver altar of Zin.
  6209 | D:6      | Reached skill level 1 in Invocations
  6374 | D:6      | Found an opulent altar of Gozag.
  7065 | D:7      | Reached * piety under Okawaru
  7066 | D:7      | Reached XP level 9. HP: 65/75 MP: 10/10
  7173 | D:7      | Found a hide-covered altar of Uskayaw.
  7399 | D:7      | Found a staircase to the Ecumenical Temple.
  7536 | D:7      | Reached skill level 9 in Crossbows
  8042 | D:8      | Reached skill level 1 in Stealth
  8070 | D:8      | Found Suojugem's Weapon Shop.
  8093 | D:8      | Reached ** piety under Okawaru
  8526 | D:8      | Noticed a two-headed ogre
  8532 | D:8      | Killed a two-headed ogre
  8532 | D:8      | Reached *** piety under Okawaru
  8533 | D:8      | Reached skill level 10 in Crossbows
  8533 | D:8      | Reached skill level 5 in Invocations
  8533 | D:8      | Reached XP level 10. HP: 81/83 MP: 10/13
  9596 | D:9      | Noticed a two-headed ogre
  9598 | D:9      | Found a runed translucent gate.
  9598 | D:9      | Noticed a wizard
  9599 | D:9      | Found a runed translucent gate.
  9599 | D:9      | Noticed jlumianski's ghost (journeyman DsFE)
  9601 | D:9      | Found a runed translucent gate.
  9605 | D:9      | Noticed a two-headed ogre
  9615 | D:9      | Noticed Pikel
  9627 | D:9      | Killed Pikel
  9628 | D:9      | Reached skill level 11 in Crossbows
  9639 | D:9      | Noticed Maurice
  9657 | D:9      | Noticed Amaemon
  9903 | D:9      | Noticed an orange demon
  9911 | D:9      | Shot with a bolt by something

Illustrated notes

Levels and vault maps discovered:
D:1:      minmay_arrival_four_loops, layout_basic,
          hellmonk_ecumenical_altar_leap_of_faith,
          minmay_misc_feat_secret_circle, chequers_decorated_corner
D:2:      minmay_recursive_quarters, layout_basic
D:3:      layout_loops_cross, hex_tiny, kennysheep_generic_room_10, uniq_ijyb
D:4:      layout_gridville, serial_shops, nicolae_shop_hallway_plus,
          nicolae_stop_n_shop_2, nicolae_shop_clearance
D:5:      layout_loops_cross, kennysheep_generic_room_2, uniq_prince_ribbit1
D:6:      layout_layer_cave, lemuel_coloured_pillars_altar,
          okawaru_ov_weapons_minmay, kennysheep_mini_moat, serial_bayou_crossing
D:7:      layout_basic, mainiacjoe_overflow_alcove_1,
          minmay_temple_entry_from_below_a, kennysheep_boxes
D:8:      layout_rooms, serial_shops, shop
D:9:      kennysheep_seaside_town, layout_cave_pods,
          nicolae_ru_the_path_less_chosen, gammafunk_ghost_split,
          hangedman_fish_farm, uniq_maggie, uniq_maurice, uniq_pikel,
          uniq_amaemon

Skill      XL: |  1  2  3  4  5  6  7  8  9 10 |
---------------+-------------------------------+-----
Dodging        | 2 3 4 5 6 |  6.0
Crossbows      | 4 5 6 7 8 10 11 | 11.1
Fighting       | 3 4 5 6 |  6.0
Invocations    | 2 5 6 |  6.4
Stealth        | 3 4 |  4.0

Action                   |  1- 3 |  4- 6 |  7- 9 | 10-12 || total
-------------------------+-------+-------+-------+-------++-------
 Fire: Hand crossbow     |    99 |   158 |   355 |       ||   612
       Arbalest          |       |       |    37 |   119 ||   156
Invok: Heroism           |       |       |     1 |     2 ||     3
 Abil: Breathe Noxious F |       |       |     9 |     7 ||    16
  Use: Scroll            |       |     7 |     5 |       ||    12
       Potion            |       |       |       |     1 ||     1
Armor: Skin              |    18 |    19 |    45 |    20 ||   102
Dodge: Dodged            |    32 |    52 |   141 |    82 ||   307

Table legend: (Time is in decaauts)
 A = Elapsed time spent in this place.
 B = Non-inter-level travel time spent in this place.
 C = Inter-level travel time spent in this place.
 D = Time resting spent in this place.
 E = Time spent auto-exploring this place.
 F = Levels seen in this place.
 G = Mean time per level.
                   A        B        C        D        E       F      G
               +--------+--------+--------+--------+--------+-----+--------+
         Total |  10056 |   9627 |    429 |    747 |   7434 |   9 | 1117.3 |
       Dungeon |  10056 |   9627 |    429 |    747 |   7434 |   9 | 1117.3 |
               +--------+--------+--------+--------+--------+-----+--------+

Top non-repeatable levels by time:
     D:5: 1585 daAuts
     D:6: 1245 daAuts
     D:4: 1231 daAuts
     D:7: 1195 daAuts
     D:8: 1141 daAuts
     D:1: 1034 daAuts
     D:2: 1022 daAuts
     D:3: 814 daAuts
     D:9: 785 daAuts
